 Dungeon Crawl Stone Soup version 0.29.0-15-g675c0067aa (webtiles) character file.

Game seed: 11362271536263041231

3626 xian the Grappler (level 9, -14/97 HPs)
             Began as a Troll Chaos Knight on Sept 12, 2022.
             Was a Plaything of Xom.
             Demolished by an anaconda simulacrum (36 damage)
             ... in an ice cave.
             The game lasted 00:20:11 (5704 turns).

xian the Grappler (Troll Chaos Knight)              Turns: 5704, Time: 00:20:11

Health: -14/97     AC:  6    Str: 26    XL:     9   Next: 87%
Magic:  0/0        EV:  6    Int:  8    God:    Xom [*.....]
Gold:   306        SH:  6    Dex: 14    Spells: 8/8 levels left

rFire   . . .      SeeInvis +     - Unarmed
rCold   . . .      Faith    .   G - +0 kite shield
rNeg    . . .      Spirit   .   a - +2 robe
rPois   .          Reflect  .   (helmet restricted)
rElec   .          Harm     +   z - scarf {harm}
rCorr   .          Rampage  .   (gloves unavailable)
Will    .....                   (boots unavailable)
Stlth   ++........              p - amulet of magic regeneration
HPRegen 1.06/turn               f - ring of see invisible
MPRegen 0.47/turn               y - ring "Amium" {Wiz MP-9 Dex+5}

@: constricted
A: large, unfitting armour, claws 3, regeneration 1, shaggy fur 1, tough skin 1
a: Renounce Religion


You were in an ice cave.
You worshipped Xom.
You were a special plaything of Xom.
You visited 1 branch of the dungeon, and saw 10 of its levels.
You also visited: Ice Cave.

You collected 306 gold pieces.

Inventory:

Hand Weapons
 h - a +1 sling
 u - a +2 war axe of electrocution
Missiles
 v - a throwing net
Armour
 a - a +2 robe (worn)
 d - an orb of guile
 z - a scarf of harm (worn)
 G - a +0 kite shield (worn)
Magical Staves
 m - a staff of conjuration
Jewellery
 f - a ring of see invisible (left claw)
 p - an amulet of magic regeneration (around neck)
 s - a ring of wizardry
 y - the ring "Amium" (right claw) {Wiz MP-9 Dex+5}
   (You found it on level 5 of the Dungeon)

   [ring of wizardry]

   It improves your spell success rate.
   Dex:       It affects your dexterity (+5).
   MP:        It affects your magic capacity (-9).
Wands
 D - a wand of acid (7)
Scrolls
 l - a scroll of immolation
 q - 3 scrolls of enchant armour
 r - a scroll of poison
 t - a scroll of fog
 w - a scroll of vulnerability
 x - a scroll of fear
 A - 3 scrolls of teleportation
 I - a scroll of amnesia {unknown}
Potions
 c - 2 potions of haste {unknown}
 e - 3 potions of degeneration {unknown}
 g - 2 potions of berserk rage {unknown}
 i - a potion of invisibility {unknown}
 j - 4 potions of ambrosia {unknown}
 k - a potion of heal wounds {unknown}
 n - 2 potions of mutation {unknown}
 o - 3 potions of magic {unknown}
 B - 2 potions of curing {unknown}
 C - a potion of flight {unknown}
 F - a potion of resistance {unknown}
Miscellaneous
 b - a piece from Xom's chessboard (15/15) (quivered)


   Skills:
 + Level 8.6 Fighting
 + Level 4.6 Ranged Weapons
 + Level 3.9 Dodging
 + Level 1.3 Stealth
 + Level 0.1 Shields
 + Level 10.7 Unarmed Combat


You had 8 spell levels left.
You didn't know any spells.
Your spell library contained the following spells:

 Spells                   Type           Power      Damage    Failure   Level
 Sting                    Tmut/Pois      0%         1d3       41%         1
 Poisonous Vapours        Pois/Air       0%         N/A       54%         2
 Scorch                   Fire           0%         2d5       54%         2
 Flame Wave               Conj/Fire      0%         2d4       98%         4
 Olgreb's Toxic Radiance  Pois           0%         N/A       98%         4
 Summon Cactus Giant      Summ           0%         N/A       100%        6


Dungeon Overview and Level Annotations

Branches:
Dungeon (11/15)            Temple (0/1) D:7             Orc (0/2) D:11
  IceCv (1/1)
   Lair: D:8-11

Altars:
Ashenzari
Cheibriados
Dithmenos
Hepliaklqana
Okawaru
Trog
Uskayaw
Vehumet

Shops:
D:3 [   D:4 =


Innate Abilities, Weirdness & Mutations

You are too large for most types of armour.
You have claws for hands.
Your natural rate of healing is unusually fast.
You are covered in fur. (AC +1)
You have tough skin. (AC +1)


Message History

Found an ice covered gate leading back out of this place.
There is an ice choked empty arch of ancient stone here.
The ufetubus closely misses you. You block the ufetubus's attack.
The ufetubus hits you but does no damage. x2
You scratch the ufetubus.
The ufetubus is almost dead.
You block the ufetubus's attack. x2; The ufetubus completely misses you.
The ufetubus hits you but does no damage.
You mangle the ufetubus!!
You kill the ufetubus! 2 naga simulacra come into view.
You barely miss the naga simulacrum. The naga simulacrum hits you!
The naga simulacrum freezes you. You block the naga simulacrum's attack.
You mangle the naga simulacrum!!
The naga simulacrum vaporises!
Really walk into that cloud of freezing vapour? [Y]es or [N]o only, please.
Really walk into that cloud of freezing vapour?
Okay, then.
An anaconda simulacrum, a white imp, a two-headed ogre simulacrum and a naga simulacrum come into view.
An elephant simulacrum and an ice devil come into view.
The naga simulacrum hits you but does no damage.
The naga simulacrum grabs you. The naga simulacrum constricts you.
You claw the naga simulacrum!
The naga simulacrum is heavily damaged.
The naga simulacrum hits you! The naga simulacrum freezes you!
The naga simulacrum constricts you.
You scratch the naga simulacrum.
The naga simulacrum is almost destroyed.
You block the naga simulacrum's attack. The naga simulacrum constricts you.
* * * LOW HITPOINT WARNING * * *
You escape the naga simulacrum's grasp.
Xom changes the scenery.
Nothing appears to happen.
You barely miss the anaconda simulacrum.
The anaconda simulacrum grabs you. The anaconda simulacrum bites you!
* * * LOW HITPOINT WARNING * * *
The anaconda simulacrum freezes you!!
You die...
Xom chuckles heartily!

.. .# .## .. ...## ##≈
....# #### #≈≈ ......
##..#######≈≈###....5.
##....##..##≈..#.......
#..........###Z.......Z
#.∩.∩....@Z.#..........
#.......##..ZZ##.......
##....#####..## #...4..
##..## #### .Z.... ####
##.#.# ## #


You could see an anaconda simulacrum, a naga simulacrum and a two-headed ogre
simulacrum.

Vanquished Creatures
  4 yaks (D:8)
  5 water moccasins
  An ice beast (D:6)
  A black bear (D:6)
  2 centaurs
  2 ogres
  A phantom (D:6)
  A gnoll sergeant (D:9)
  A scorpion (D:2)
  5 wights (D:7)
  3 hounds
  A gnoll bouda (D:6)
  3 jellies
  An orc priest (D:5)
  3 iguanas
  2 orc wizards (D:6)
  Robin (D:2)
  13 gnolls
  6 adders
  A naga simulacrum (IceCv)
  8 river rats (D:5)
  2 shadow imps (D:6)
  14 white imps
  An ufetubus (IceCv)
  4 dart slugs
  19 orcs
  8 ball pythons
  5 bats
  5 endoplasms
  8 giant cockroaches
  6 hobgoblins
  11 jackals
  9 quokkas
  4 frilled lizards
  16 goblins
  7 kobolds
  26 rats
210 creatures vanquished.

Notes
Turn   | Place    | Note
-------+----------+-------------------------------------------
     0 | D:1      | xian the Troll Chaos Knight began the quest for the Orb.
     0 | D:1      | Reached XP level 1. HP: 22/22 MP: 0/0
    85 | D:1      | Reached XP level 2. HP: 29/29 MP: 1/1
   256 | D:1      | XOM: divination: detect creatures
   296 | D:1      | XOM: divination: magic mapping
   382 | D:1      | Reached XP level 3. HP: 36/36 MP: 2/2
   563 | D:2      | Noticed Robin
   599 | D:2      | Killed Robin
   669 | D:2      | Found a faded altar of an unknown god.
   753 | D:2      | Noticed a scorpion
   765 | D:2      | Killed a scorpion
   766 | D:2      | Reached skill level 4 in Unarmed Combat
   766 | D:2      | Reached XP level 4. HP: 23/45 MP: 3/3
   812 | D:2      | XOM: 11-stop teleportation journey
   836 | D:2      | XOM: 2-stop teleportation journey
   848 | D:2      | Reached skill level 1 in Ranged Weapons
   921 | D:2      | Reached XP level 5. HP: 53/53 MP: 4/4
  1177 | D:2      | XOM: silly message
  1376 | D:3      | XOM: divination: detect creatures
  1394 | D:3      | Found Rosoix's Antique Armour Shoppe.
  1446 | D:3      | Found a hide-covered altar of Uskayaw.
  1518 | D:3      | XOM: silly message
  1523 | D:3      | Found a snail-covered altar of Cheibriados.
  1572 | D:3      | XOM: silly message
  1659 | D:3      | XOM: silly message
  1846 | D:3      | XOM: silly message
  1894 | D:4      | XOM: divination: detect creatures
  2100 | D:4      | XOM: silly message
  2219 | D:4      | Found Tulet's Jewellery Shop.
  2252 | D:4      | Reached XP level 6. HP: 58/60 MP: 5/5
  2441 | D:4      | Found a radiant altar of Vehumet.
  2441 | D:4      | Found a faded altar of an unknown god.
  2449 | D:4      | Found an iron altar of Okawaru.
  2451 | D:4      | Found a faded altar of an unknown god.
  2453 | D:4      | Found a hazy altar of Hepliaklqana.
  2475 | D:4      | XOM: silly message
  2525 | D:5      | Entered Level 5 of the Dungeon
  2560 | D:5      | XOM: silly message
  2600 | D:5      | XOM: cast spell 'Cause Fear'
  2729 | D:5      | XOM: enchant monster (bad)
  2733 | D:5      | XOM: potion effect (invisibility)
  2787 | D:5      | XOM: divination: magic mapping
  2796 | D:5      | Noticed a water moccasin
  2807 | D:5      | Killed a water moccasin
  2877 | D:5      | Reached XP level 7. HP: 67/67 MP: 6/6
  2962 | D:5      | Identified the ring "Amium" {Wiz MP-9 Dex+5}
  3173 | D:5      | XOM is BORED!
  3584 | D:5      | Found a shadowy altar of Dithmenos.
  3585 | D:5      | Found a broken altar of Ashenzari.
  3626 | D:6      | Found a bloodstained altar of Trog.
  3659 | D:6      | XOM: potion effect (experience)
  3659 | D:6      | Reached skill level 10 in Unarmed Combat
  3659 | D:6      | Reached XP level 8. HP: 72/88 MP: 0/7
  4702 | D:7      | Found a staircase to the Ecumenical Temple.
  4818 | D:7      | XOM: silly message
  4879 | D:7      | XOM: potion effect (haste)
  4884 | D:7      | Reached XP level 9. HP: 86/96 MP: 0/8
  5002 | D:7      | XOM: potion effect (curing)
  5087 | D:7      | XOM: divination: magic mapping
  5341 | D:8      | Reached skill level 1 in Stealth
  5468 | D:9      | Identified the +1 leather armour "Nohoh" {*Slow rPois
                  | Regen+ SInv}
  5488 | D:9      | XOM: divination: magic mapping
  5568 | D:9      | XOM: divination: detect creatures
  5585 | D:9      | You fall into a shaft and drop 2 floors!
  5648 | D:11     | Found a frozen archway.
  5679 | IceCv    | Entered an ice cave
  5695 | IceCv    | Noticed an ice devil
  5704 | IceCv    | Demolished by an anaconda simulacrum

Illustrated notes

Levels and vault maps discovered:
D:1:      nzn_arrival_crosshair, layout_rooms
D:2:      layout_basic, dreamdust_ecumenical_altar_angels_and_demons, uniq_robin
D:3:      layout_basic, mainiacjoe_overflow_24_doors,
          nicolae_uskayaw_dance_hall, serial_shops, shop
D:4:      layout_cave_pools, chequers_temple_overflow_minitemple, serial_shops,
          kennysheep_mini_moat
D:5:      lemuel_ratsnest, layout_loops_ring, gammafunk_temple_overflow_statue
D:6:      layout_loops_corners, general_overflow_altar
D:7:      layout_basic, minmay_temple_entry_junction
D:8:      layout_rooms, overflow_temple_1_default, grunt_ministairs_7,
          interstate_on_off, nrook_pool_corridor
D:9:      layout_small_grid, mainiacjoe_overflow_alcove_1, tgw_sif, minivault_26
D:11:     dragon1_lemuel, layout_basic, minmay_orc_entry_guard_dogs,
          gauntlet_entry_generic, portal_ice_cave_entry_imps
IceCv:    ice_cave_small_demon

Skill      XL: |  1  2  3  4  5  6  7  8  9 |
---------------+----------------------------+-----
Dodging        | 2 3 |  3.9
Fighting       | 3 8 |  8.6
Unarmed Combat | 4 10 | 10.7
Ranged Weapons | 1 2 3 4 |  4.6
Stealth        | 1 |  1.3
Shields        | |  0.1

Action                   |  1- 3 |  4- 6 |  7- 9 || total
-------------------------+-------+-------+-------++-------
Melee: Unarmed           |    74 |    86 |   212 ||   372
       Punch             |       |     5 |     6 ||    11
 Fire: Sling             |    34 |   191 |   101 ||   326
Evoke: Piece from Xom's  |       |     2 |       ||     2
  Use: Scroll            |     1 |     4 |     6 ||    11
 Stab: Sleeping          |     1 |       |     2 ||     3
       Petrified         |       |     2 |       ||     2
       Paralysed         |       |     2 |       ||     2
Armor: Robe              |    71 |    81 |   101 ||   253
Dodge: Dodged            |    87 |    96 |   148 ||   331
Block: Kite shield       |       |       |    13 ||    13
